Unix NetHack Version 3.7.0-97 Work-in-progress - last build Feb 8 2024 15:05:57 (6d6cdf8371b60126770a3d7b88910941cb14a054,branch:master). Game began 2024-02-17 09:49:16, ended 2024-02-17 10:02:10. elenmirie, neutral female gnomish Archeologist ------ ---+-- |%)%"| |.{..-# |??+]| #.....|# ----------- |%(f@| #------# |.........| |.].m| # # |.......{.| |@...| # # #..........| --|--- # # #|........>| ## ----------- # ## #|.........| ## |.........| # ## ###------|---- # |.........| ## ## ###### # # %-.........| # # ## # # ####|.........| # #---+- # # # ----- # |....`.....## #.....### ## # ....| # ----------- |...| ---.------- -.---- #|....##%# ....+ |.........| |....|####....| ----- |<........| |.....### ----- |.........| |..>.| ----------- ------ Elenmirie the Field Worker St:14 Dx:8 Co:13 In:13 Wi:17 Ch:11 Neutral Dlvl:4 $:49 HP:0(37) Pw:31(31) AC:9 Xp:5/197 T:1671 Latest messages: The giant ant bites! You lash the giant ant. The giant ant bites! You kill the giant ant! You see here a giant ant corpse. "Hello, elenmirie! Welcome to Chibougamau's general store!" "Will you please leave your pick-axe outside?" What do you want to use or apply? [aegistw or ?*] w You put an uncursed +0 pick-axe into the sack. You see here an iron wand (for sale, 100 zorkmids). (For instructions type a '?') Call an iron wand: 100 iro You see here a jeweled wand (for sale, 150 zorkmids). (For instructions type a '?') Call a jeweled wand: 150 jewel Wait! That's a small mimic! You lash the small mimic. You lash the small mimic. You miss the small mimic. You lash the small mimic. The small mimic hits! You miss the small mimic. You lash the small mimic. You lash the small mimic. You lash the small mimic. You miss the small mimic. You miss the small mimic. You lash the small mimic. You lash the small mimic. You lash the small mimic. Coco picks up a scroll labeled TEMOV. You lash the small mimic. The small mimic hits! You miss the small mimic. Coco drops a scroll labeled TEMOV. You miss the small mimic. The small mimic hits! You lash the small mimic. You lash the small mimic. The small mimic hits! You miss the small mimic. Coco picks up a wand called 100 iro. The small mimic hits! You die... Chibougamau gratefully inherits all your possessions. Do you want to see what you had when you died? [ynq] (y) y Do you want to see your attributes? [ynq] (y) y Do you want an account of creatures vanquished? [ynaq] (y) y Do you want to see your conduct and achievements? [ynq] (y) y Do you want to see the dungeon overview? [ynq] (y) y Inventory: Coins $ - 49 gold pieces Weapons u - an uncursed +0 dagger m - a cursed -1 elven dagger a - a blessed +2 bullwhip (weapon in right hand) Armor c - a blessed +0 fedora (being worn) b - an uncursed +0 leather jacket (being worn) Comestibles d - 3 uncursed food rations r - an uncursed lembas wafer Wands s - an uncursed wand of teleportation (0:7) Tools w - an uncursed sack containing 4 items i - an uncursed oil lamp t - an uncursed tinning kit (0:56) Gems/Stones g - an uncursed touchstone Contents of the sack: an uncursed scroll of stinking cloud a blessed potion of gain energy an uncursed potion of sickness an uncursed +0 pick-axe Elenmirie the Archeologist's attributes: Background: You were a Field Worker, a level 5 female gnomish Archeologist. You were neutral, on a mission for Camaxtli who was opposed by Quetzalcoatl (lawful) and Huhetotl (chaotic). You were right-handed. You were in the Dungeons of Doom, on level 4. You entered the dungeon 1671 turns ago. You had 197 experience points, 123 more were needed to attain level 6. Basics: You had 0 out of 37 hit points. You had all 31 energy points (spell power). Your armor class was 9. Your wallet contained 49 zorkmids. Autopickup was on, but temporarily disabled while inside the shop. Final Characteristics: Your strength was 14 (limit:18/50). Your dexterity was 8 (limit:18). Your constitution was 13 (limit:18). Your intelligence was 13 (limit:19). Your wisdom was 17 (limit:18). Your charisma was 11 (limit:18). Final Status: You weren't hungry. You were unencumbered. You were wielding a whip. You had basic skill with whip and could have enhanced that. Final Attributes: You were devoutly aligned. You had automatic searching. You had infravision. You were stealthy. You are dead. Miscellaneous: You never encountered a bones level. Total elapsed playing time was 12 minutes and 51 seconds. Major events: Turn 1: elenmirie the neutral female gnomish Archeologist entered the dungeon 464: attained the rank of Field Worker (level 3) 1671: killed by a small mimic Vanquished creatures: a pony 6 fog clouds 2 giant ants a giant bat a dwarf zombie an acid blob a coyote a gas spore a hobbit a giant rat a garter snake 3 jackals a kobold a goblin 2 sewer rats 8 grid bugs 3 lichens a kobold zombie 5 newts 41 creatures vanquished. No species were genocided or became extinct. Voluntary challenges: You were illiterate. You never engraved Elbereth. You never genocided any monsters. You never polymorphed an object. You never changed form. You used no wishes. Achievements: You attained the rank of Field Worker. You entered a shop. The Dungeons of Doom: levels 1 to 4 Level 1: Level 2: A fountain, a grave. Level 3: A sink, a grave. Level 4: <- You were here. A general store, a fountain, a sink. Final resting place for you, killed by a small mimic. Game over: ---------- / \ / REST \ / IN \ / PEACE \ / \ | elenmirie | | 49 Au | | killed by a | | small mimic | | | | | | 2024 | *| * * * | * _________)/\\_//(\/(/\)/\//\/|_)_______ Goodbye elenmirie the Archeologist... You died in The Dungeons of Doom on dungeon level 4 with 983 points, and 49 pieces of gold, after 1671 moves. You were level 5 with a maximum of 37 hit points when you died.